 Dungeon Crawl Stone Soup version 0.20.1-1-g8b1a95d (webtiles) character file.

709 equalderp2856 the Chopper (level 7, -2/60 HPs)
             Began as a Minotaur Fighter on July 29, 2017.
             Slain by Grinder (4 damage)
             ... while paralysed
             ... on level 5 of the Dungeon.
             The game lasted 00:09:40 (5005 turns).

equalderp2856 the Chopper (Minotaur Fighter)        Turns: 5005, Time: 00:09:41

Health: -2/60      AC:  7    Str: 21    XL:     7   Next: 40%
Magic:  6/6        EV:  2    Int:  5    God:
Gold:   125        SH:  0    Dex: 11    Spells: 6/6 levels left

rFire    . . .     SeeInvis .   a - +0 war axe
rCold    . . .     Gourm    .   c - +0 shield
rNeg     . . .     Faith    .   b - +0 scale mail
rPois    .         Spirit   .   (helmet restricted)
rElec    .         Reflect  .   (no cloak)
rCorr    .         Harm     .   (no gloves)
MR       .....                  (no boots)
Stlth    ..........             (no amulet)
Regen    0.2/turn               (no ring)
MPRegen  0.1/turn               (no ring)

@: paralysed, fainting
A: retaliatory headbutt, horns 2
a: no special abilities


You were on level 5 of the Dungeon.
You were fainting.

You visited 1 branch of the dungeon, and saw 5 of its levels.

You collected 125 gold pieces.

Inventory:

Hand Weapons
 a - a +0 war axe (weapon)
 w - a +0 hunting sling
 x - a +1 spear of venom
 y - a +0 dagger
 E - a +0 trident
 F - a +0 lajatang
 J - a +1 dagger of venom
 L - a +0 hunting sling
 N - a +1 rapier
Missiles
 p - 294 stones (quivered)
 q - 6 tomahawks
 z - 44 arrows
 D - 13 poisoned needles
Armour
 b - a +0 scale mail (worn)
 c - a +0 shield (worn)
 r - a +0 robe
 A - a +1 ring mail of fire resistance
 I - a +0 robe
 K - a +0 robe
 M - a +0 cloak
Jewellery
 h - an uncursed amulet of the gourmand
Scrolls
 g - a scroll of fog {unknown}
 j - a scroll of recharging {unknown}
 l - 6 scrolls of identify
 m - 2 scrolls of teleportation {unknown}
 n - 3 scrolls of remove curse
 u - a scroll of amnesia {unknown}
 v - 3 scrolls of enchant weapon
 C - a scroll of enchant armour {unknown}
 G - a scroll of magic mapping {unknown}
Potions
 d - a potion of might
 e - 2 potions of degeneration {unknown}
 i - 4 potions of curing
 o - 2 potions of heal wounds
 s - 2 potions of resistance
Books
 H - a book of Changes

   Spells                             Type                      Level
   a - Beastly Appendage              Transmutation                1
   b - Sticks to Snakes               Transmutation                2
   c - Spider Form                    Transmutation/Poison         3
   d - Ice Form                       Ice/Transmutation            4
   e - Blade Hands                    Transmutation                5
Comestibles
 f - 5 bread rations
 k - 7 fruits
 t - a meat ration
 B - 2 royal jellies


   Skills:
 + Level 4.7 Fighting
 + Level 6.8 Axes
 + Level 5.7 Armour
 + Level 2.2 Dodging
 + Level 0.5 Stealth
 + Level 5.3 Shields


You had 6 spell levels left.
You didn't know any spells.

Dungeon Overview and Level Annotations

Branches:
Dungeon (5/15)
 Temple: D:4-7

Altars:
Elyvilon
Trog
The Shining One

Annotations:
D:4 p0werm0de's ghost, amateur DDFi
D:5 Grinder


Innate Abilities, Weirdness & Mutations

You reflexively headbutt those who attack you in melee.
You have a pair of horns on your head.


Message History

Grinder hits you.
You writhe in agony.
Grinder blinks!
Things that are here:
a giant club; an ogre corpse You hit Grinder.
Grinder is severely wounded.
You lose consciousness!
Grinder hits you. Grinder hits you but does no damage. Grinder hits you.
You writhe in agony.
Grinder hits you. Grinder gestures at you. Pain shoots through your body!
* * * LOW HITPOINT WARNING * * *
Grinder gestures at you. Pain shoots through your body!
* * * LOW HITPOINT WARNING * * *
Grinder barely misses you. Grinder hits you.
* * * LOW HITPOINT WARNING * * *
You writhe in agony.
You die...

......## .# ###.......# .#
#.#.......# #. #.#........
.. #.# .....# .# #.# ...#
.# #.#######.###.# .
#.5@..........# ..###
#)#######.##........
......#.###########.......
......#.......# ..≈≈...
..............# .≈O.§..
......#..5....# ≈≈..≈$.
......#.......# ≈..Z..≈
#+### #.......# ...≈.⌠≈
#.......#


You could see Grinder.

Vanquished Creatures
  Eustachio (D:4)
  A sky beast (D:4)
  An ogre (D:5)
  A scorpion (D:4)
  2 hounds
  A jelly (D:5)
  An orc wizard (D:3)
  Terence (D:3)
  2 worker ants (D:4)
  4 adders (D:2)
  An ooze (D:1)
  An adder skeleton (D:5)
  2 dart slugs (D:3)
  5 leopard geckos
  14 orcs (D:3)
  10 bats
  2 giant cockroaches
  8 goblins
  7 hobgoblins
  20 jackals
  7 kobolds
  A quokka (D:5)
  7 frilled lizards
  A leopard gecko skeleton (D:4)
  4 rats
105 creatures vanquished.

Notes
Turn   | Place    | Note
-------+----------+-------------------------------------------
     0 | D:1      | equalderp2856 the Minotaur Fighter began the quest for the Orb.
     0 | D:1      | Reached XP level 1. HP: 19/19 MP: 0/0
    84 | D:1      | Reached XP level 2. HP: 26/26 MP: 1/1
   230 | D:1      | Reached skill level 3 in Axes
   235 | D:1      | Reached XP level 3. HP: 20/33 MP: 2/2
  1059 | D:2      | Found a faded altar of an unknown god.
  1395 | D:2      | Reached XP level 4. HP: 40/40 MP: 3/3
  1541 | D:2      | Found a glowing golden altar of the Shining One.
  1678 | D:2      | Reached skill level 4 in Axes
  1915 | D:3      | Noticed Terence
  1921 | D:3      | Killed Terence
  1934 | D:3      | Reached XP level 5. HP: 21/46 MP: 4/4
  2383 | D:3      | Found a bloodstained altar of Trog.
  2577 | D:3      | Found a white marble altar of Elyvilon.
  2741 | D:3      | Reached skill level 5 in Axes
  3111 | D:4      | Reached skill level 5 in Shields
  3132 | D:4      | Reached skill level 1 in Dodging
  3133 | D:4      | Noticed p0werm0de's ghost (amateur DDFi)
  3133 | D:4      | Reached XP level 6. HP: 43/52 MP: 5/5
  4038 | D:4      | Noticed a sky beast
  4066 | D:4      | Killed a sky beast
  4066 | D:4      | Reached skill level 6 in Axes
  4066 | D:4      | Reached skill level 5 in Armour
  4440 | D:4      | Noticed Eustachio
  4500 | D:4      | Killed Eustachio
  4500 | D:4      | Reached XP level 7. HP: 46/60 MP: 6/6
  4932 | D:5      | Entered Level 5 of the Dungeon
  4956 | D:5      | Noticed Grinder
  4999 | D:5      | Paralysed by fainting for 7 turns
  5003 | D:5      | HP: 3/60 [Grinder/nerve-wracking pain (12)]
  5005 | D:5      | Slain by Grinder

Skill      XL: |  1  2  3  4  5  6 |
---------------+-------------------+-----
Shields        | 4 5 |  5.3
Armour         | 4 5 |  5.7
Axes           | 3 4 5 6 |  6.8
Fighting       | 4 |  4.7
Dodging        | 1 2 |  2.2
Stealth        | |  0.5

Action                   |  1- 3 |  4- 6 |  7- 9 || total
-------------------------+-------+-------+-------++-------
Melee: War axe           |    93 |   185 |    33 ||   311
       Headbutt          |    13 |    35 |     6 ||    54
  Use: Scroll            |     2 |       |     1 ||     3
       Potion            |       |     1 |     1 ||     2
  Eat: Chunk             |     1 |     8 |       ||     9
       Fruit             |       |     1 |     1 ||     2
Armor: Scale mail        |    55 |    92 |    10 ||   157
Dodge: Dodged            |    51 |    76 |     8 ||   135
Block: Shield            |    57 |   130 |     8 ||   195
